 Dungeon Crawl Stone Soup version 0.16.0-11-gd45b091 (webtiles) character file.

1088 eeldvark the Slicer (level 8, -11/81 HPs)
             Began as a Human Wanderer on Mar 17, 2015.
             Was an Initiate of Ru.
             Killed by divine providence
             ... invoked by an orc priest
              (15 damage)
             ... on level 6 of the Dungeon.
             The game lasted 00:29:47 (5236 turns).

eeldvark the Slicer (Human Wanderer)                Turns: 5236, Time: 00:29:48

Health: -11/81     AC: 24    Str: 11    XL:     8   Next: 56%
Magic:  8/8        EV:  2    Int: 14    God:    Ru [......]
Gold:   235        SH:  0    Dex: 17    Spells: 0 memorised, 7 levels left

rFire  . . .     SeeInvis .     a - +4 dagger
rCold  . . .     Clarity  .     r - melded +0 leather armour
rNeg   + + +     SustAb   .     (no shield)
rPois  +         Gourm    .     (helmet currently unavailable)
rElec  .         Spirit   .     (cloak currently unavailable)
rCorr  .         Warding  .     v - melded +0 pair of gloves
rMut   .         NoTele   +     n - melded +0 pair of boots
MR     .....                    (no amulet)
Stlth  ++........               l - ring of loudness (curse)
                                t - +2 ring of dexterity

@: tree-form, not resistant to hostile enchantments, unstealthy
A: no striking features
a: Renounce Religion


You were on level 6 of the Dungeon.
You worshipped Ru.
Ru was noncommittal.
You were not hungry.
You were a tree.
You visited 2 branches of the dungeon, and saw 7 of its levels.

You collected 235 gold pieces.

Inventory:

Hand weapons
 a - a +4 dagger (weapon)
 b - a +0 shortbow
Missiles
 A - 9 poisoned arrows
 B - 54 bolts
 C - 11 arrows of frost
 F - 6 arrows of flame
Armour
 n - a +0 pair of boots (melded)
 r - a +0 leather armour (melded)
 v - a +0 pair of gloves (melded)
Jewellery
 h - an uncursed ring of invisibility
 l - a cursed ring of loudness (right branch)
 t - a +2 ring of dexterity (left branch)
Magical devices
 k - a wand of enslavement (8)
 m - a wand of flame (18)
 u - a wand of frost (28)
 x - a wand of cold (6)
 y - a wand of draining (4)
 D - a wand of magic darts (17)
Scrolls
 j - 6 scrolls of remove curse
Potions
 i - 4 potions of curing
 z - a potion of magic {unknown}
Books
 c - the Almanac of Combat Magic

   Spells                             Type                      Level
   a - Magic Dart                     Conjuration                  1
   b - Mephitic Cloud                 Conjuration/Poison/Air       3
 d - the Volume of Fiery Combat Magic

   Spells                             Type                      Level
   a - Flame Tongue                   Conjuration/Fire             1
   b - Conjure Flame                  Conjuration/Fire             3
Comestibles
 f - 4 bread rations
 g - 7 fruits
 w - 2 meat rations


   Skills:
 - Level 1.0 Fighting
 + Level 9.4 Short Blades
   Level 1.0 Staves
 - Level 1.0 Throwing
 - Level 2.0 Stealth
   Level 1.0 Fire Magic
   Level 4.0 Air Magic


You had 7 spell levels left.
You didn't know any spells.

Dungeon Overview and Level Annotations

Branches:
Dungeon (6/15)             Temple (1/1) D:5

Altars:
Ashenzari
Cheibriados
Dithmenos
Elyvilon
Fedhas
Gozag
Kikubaaqudgha
Makhleb
Nemelex Xobeh
Okawaru
Qazlal
Ru
Sif Muna
Trog
Vehumet
Xom
Yredelemnul
Zin
The Shining One

Annotations:
D:6 Prince Ribbit


Message History

Your orc priest dies!
Something hits your orc.
Your orc barely misses something.
Something misses your orc.
Your orc hits something but does no damage.
Something hits your orc.
Your orc dies!
The orc priest invokes the aid of Beogh against you.
Something smites you!
The orc priest calls down the wrath of Beogh upon you.
Something smites you!
* * * LOW HITPOINT WARNING * * *
Drink which item? (? for menu, Esc to quit)
It was a potion of lignification.
You turn into a tree.
Your +0 pair of gloves melds into your body.
Your +0 pair of boots melds into your body.
Your +0 leather armour melds into your body.
Your roots penetrate the ground.
The orc priest calls down the wrath of Beogh upon you.
Something smites you!
You die...

.# #.#.# . #.. .# #.#F##
#.. #.# .# ##+#..# #.. '..
(# #.....# #.. #o# .#
#.....## #.. #o# ##
#....).# .. #o# #....#.##
#'##o# #####'#.#..#
#.##)########
......#.##÷###..♣........#
#######.##..##...........#
#...(###.##...........#
####.#### #..#...........#
.<.#.# ##.#...........#
####F..%...#.#...........#
.....##.#..###.######'##
......# #.....).)......#
.......# #..###.#.#.....#


You could see 3 orc priests and an orc.

Vanquished Creatures
  A deep elf mage (D:5)
  An ogre (D:6)
  Duvessa (D:6)
  3 centaurs
  A killer bee (D:5)
  A scorpion (D:5)
  The ghost of Tarquin the Ruffian, a weakling HOTm (D:3)
  A crimson imp (D:5)
  A jelly (D:5)
  Dowan (D:6)
  A centaur zombie (D:6)
  An orc priest (D:5)
  3 orc wizards
  A worker ant (D:4)
  3 adders
  A shadow imp (D:6)
  2 worms (D:3)
  An adder zombie (D:6)
  A giant gecko (D:2)
  8 orcs
  A bat skeleton (D:6)
  A giant cockroach (D:1)
  7 goblins
  12 hobgoblins
  6 jackals
  14 kobolds
  5 quokkas
  2 ball pythons
  9 bats
  5 giant newts
  A quokka zombie (D:5)
  8 rats
  A butterfly (D:5)
106 creatures vanquished.

Vanquished Creatures (collateral kills)
  2 orcs
2 creatures vanquished.

Vanquished Creatures (others)
  2 orc priests
  An orc (D:6)
3 creatures vanquished.

Grand Total: 111 creatures vanquished

Notes
Turn   | Place    | Note
--------------------------------------------------------------
     0 | D:1      | eeldvark, the Human Wanderer, began the quest for the Orb.
     0 | D:1      | eeldvark set off with: a +2 dagger, a potion of heal wounds, the Almanac of Combat Magic, the Volume of Fiery Combat Magic, a +0 robe, a bread ration
     0 | D:1      | Reached XP level 1. HP: 15/15 MP: 1/1
     0 | D:1      | Identified the Almanac of Combat Magic
     0 | D:1      | Identified the Volume of Fiery Combat Magic
    93 | D:1      | Reached skill level 1 in Short Blades
   109 | D:1      | Reached XP level 2. HP: 18/21 MP: 2/2
   655 | D:1      | Reached XP level 3. HP: 18/26 MP: 3/3
  1170 | D:2      | Found an iron altar of Okawaru.
  1795 | D:3      | Reached XP level 4. HP: 32/32 MP: 4/4
  2007 | D:3      | Noticed Tarquin's ghost (weakling HOTm)
  2104 | D:3      | Killed Tarquin's ghost
  2104 | D:3      | Reached XP level 5. HP: 28/37 MP: 5/5
  2283 | D:5      | Entered Level 5 of the Dungeon
  2288 | D:5      | Reached skill level 5 in Short Blades
  2398 | D:5      | Reached XP level 6. HP: 26/43 MP: 6/6
  2644 | D:5      | Noticed a deep elf mage
  2650 | D:5      | Killed a deep elf mage
  2650 | D:5      | Reached skill level 6 in Short Blades
  2808 | D:5      | Reached XP level 7. HP: 48/48 MP: 7/7
  3074 | D:5      | Reached skill level 7 in Short Blades
  3440 | D:5      | Found a staircase to the Ecumenical Temple.
  3517 | Temple   | Entered the Ecumenical Temple
  3612 | Temple   | Became a worshipper of Ru the Awakened
  4071 | D:6      | Noticed Dowan
  4072 | D:6      | Noticed Duvessa
  4085 | D:6      | Killed Dowan
  4085 | D:6      | Reached skill level 8 in Short Blades
  4094 | D:6      | Reached XP level 8. HP: 36/54 MP: 8/8
  4133 | D:6      | Killed Duvessa
  4440 | D:6      | Reached skill level 9 in Short Blades
  4967 | D:6      | Noticed Prince Ribbit
  5236 | D:6      | Killed from afar by an orc priest

Action                   |  1- 3 |  4- 6 |  7- 9 || total
-------------------------+-------+-------+-------++-------
Melee: Dagger            |    90 |    84 |   107 ||   281
       Quarterstaff      |       |       |     1 ||     1
 Fire: Shortbow          |       |       |    21 ||    21
Throw: Stone             |       |     1 |       ||     1
Evoke: Wand              |       |       |     4 ||     4
  Use: Scroll            |       |     6 |     4 ||    10
       Potion            |       |     3 |     5 ||     8
 Stab: Sleeping          |     1 |       |       ||     1
  Eat: Chunk             |     3 |     3 |     6 ||    12
       Beef jerky        |       |       |     1 ||     1
